 Dungeon Crawl Stone Soup version 0.28.0-53-g5a82cb258f (webtiles) character file.

Game seed: 9037049437205064891

37 cbfl8 the Skirmisher (level 3, -2/34 HPs)
             Began as a Minotaur Abyssal Knight on July 17, 2022.
             Was a Follower of Lugonu.
             Slain by a hobgoblin (4 damage)
             ... on level 2 of the Dungeon.
             The game lasted 00:00:38 (363 turns).

cbfl8 the Skirmisher (Minotaur Abyssal Knight)       Turns: 363, Time: 00:00:39

Health: -2/34      AC:  3    Str: 19    XL:     3   Next: 21%
Magic:  3/3        EV: 11    Int:  7    God:    Lugonu [*.....]
Gold:   17         SH:  0    Dex: 10    Spells: 2/2 levels left

rFire   . . .      SeeInvis .   a - +1 hand axe
rCold   . . .      Faith    .   (no shield)
rNeg    . . .      Spirit   .   b - +0 leather armour
rPois   .          Reflect  .   (helmet restricted)
rElec   .          Harm     .   (no cloak)
rCorr   .          Rampage  .   (no gloves)
Will    .....                   (no boots)
Stlth   +.........              (no amulet)
HPRegen 0.11/turn               (no ring)
MPRegen 0.08/turn               (no ring)

@: no status effects
A: horns 2, retaliatory headbutt
a: Renounce Religion, Depart the Abyss


You were on level 2 of the Dungeon.
You worshipped Lugonu.
Lugonu was aware of your devotion.
You visited 1 branch of the dungeon, and saw 2 of its levels.
You visited the Abyss 1 time.

You collected 17 gold pieces.

Inventory:

Hand Weapons
 a - a +1 hand axe (weapon)
Armour
 b - a +0 leather armour (worn)


   Skills:
 * Level 4.7 Fighting
 + Level 2.8 Axes
 + Level 2.7 Armour
 + Level 1.3 Dodging
 * Level 2.0 Invocations


You had 2 spell levels left.
You didn't know any spells.
Your spell library was empty.

Dungeon Overview and Level Annotations

Branches:
Dungeon (1/15)

Altars:

Annotations:
D:2 Robin


Innate Abilities, Weirdness & Mutations

You have a pair of horns on your head.
You reflexively headbutt those who attack you in melee.


Message History

You aren't carrying any scrolls.
The hobgoblin hits you but does no damage.
Robin says, "Duck!"
You hit the endoplasm.
The endoplasm is moderately wounded.
You hit the hobgoblin.
Robin roars a battlecry!
The hobgoblin goes into a battle-frenzy!
The hobgoblin barely misses you. The endoplasm misses you.
You barely miss the endoplasm. Your headbutt misses the endoplasm.
The endoplasm is moderately wounded.
You closely miss the hobgoblin. You barely miss the hobgoblin.
You hit the hobgoblin.
You kill the hobgoblin!
Lugonu accepts your kill. Robin closely misses you.
The hobgoblin closely misses you. You furiously retaliate!
You headbutt the hobgoblin. The endoplasm freezes you.
You are frozen.
The hobgoblin hits you.
Unknown command.
You hit the endoplasm.
You kill the endoplasm!
Lugonu accepts your kill.
You hit the hobgoblin.
You kill the hobgoblin!
Lugonu accepts your kill.
You hit the hobgoblin. Robin closely misses you.
The hobgoblin closely misses you.
Robin hits you from afar with a +2 spear of distortion.
* * * LOW HITPOINT WARNING * * *
The hobgoblin closely misses you. The ball python closely misses you.
The ball python grabs you. The ball python constricts you.
* * * LOW HITPOINT WARNING * * *
Robin hits you from afar with a +2 spear of distortion.
* * * LOW HITPOINT WARNING * * *
Space warps around you.
* * * LOW HITPOINT WARNING * * *
You escape the ball python's grasp.
Found a hand axe and a human corpse.
The hobgoblin hits you.
You die...

#.. ##.# #. #########
...# #.# #.......# ...#
####.## #.......# ...#
#.....# #.......# ...#
#..... #.......# ...#
.... #...†$..###
##.######.####g..g......
###.....#....'..@S......
....###.#)####..........
##### #.#.# #.<...#....
..# ##'#'## #.....#....
#.# #.....# #.....# ...
..# #.....# #...... ..
#.####...>.+ ##...##.
..#........# ..)†. .#
####..........


You could see Robin, a hobgoblin (strong) and a ball python.

Vanquished Creatures
  Natasha (D:2)
  An endoplasm (D:2)
  4 hobgoblins (D:2)
  A quokka (D:2)
  2 goblins (D:2)
  A kobold (D:2)
  A rat (D:2)
11 creatures vanquished.

Notes
Turn   | Place    | Note
-------+----------+-------------------------------------------
     0 | Abyss:1  | cbfl8 the Minotaur Abyssal Knight began the quest for the
                  | Orb.
     0 | Abyss:1  | Reached XP level 1. HP: 19/19 MP: 1/1
    89 | D:1      | Escaped the Abyss
    90 | D:1      | You fall into a shaft and drop 1 floor!
    94 | D:2      | Noticed Natasha
   100 | D:2      | Killed Natasha
   101 | D:2      | Reached skill level 4 in Fighting
   101 | D:2      | Reached XP level 2. HP: 22/28 MP: 2/2
   348 | D:2      | Reached XP level 3. HP: 33/34 MP: 3/3
   352 | D:2      | Noticed Robin
   363 | D:2      | Slain by a hobgoblin

Illustrated notes

Levels and vault maps discovered:
D:1:      wheals_arrival_shading, layout_loops_ring,
          shapermc_ecumenical_altar_flowoftime, minmay_indecisive_spiral
D:2:      layout_basic, serial_shops, nicolae_shop_bloodbath_and_beyond,
          minmay_misc_feat_x, chequers_hall_statues_corner_a,
          minmay_misc_feat_ornament, minmay_tromino_v4_a, uniq_natasha,
          uniq_robin

Skill      XL: |  1 |
---------------+----+-----
Fighting       | 4 |  4.7
Invocations    | 2 |  2.0
Axes           | |  2.8
Armour         | |  2.7
Dodging        | |  1.3

Action                   || total
-------------------------++-------
Melee: Hand axe          ||    18
       Punch             ||     1
       Headbutt          ||     1
Armor: Leather armour    ||     6
Dodge: Dodged            ||    13
